AoeStats
← Hungern625

Arabia

509405571Analyzed
1v1 RM · 5d ago on Sep 26, 2026· 25m 42s· 2 players
Game mode
Random Map
Map size
Tiny (2 player)
Population
200
Speed
Normal
Resources
Standard
Victory
Conquest
Starting age
Dark Age
Ending age
Imperial Age
RankedLock teamsTeams togetherTeam positionsShared explorationLock speedFull tech treeHidden civsTurbo modeCheats
Victory
Defeat
🇰🇷 Danes · South Korea
1187
+15
🇹🇼 Romans · Taiwan
1158
-15
Hungern625
9:37 Feudal Age
9:32 Loom
9:42 Man-at-Arms
10:31 Double-Bit Axe
12:56 Horse Collar
13:38 Arson
18:18 Fletching
21:23 Scale Barding Armor
21:21 Scale Mail Armor
21:32 Forging
ryanlee0512
10:06 Feudal Age
10:10 Man-at-Arms
10:37 Double-Bit Axe
16:35 Scale Mail Armor
16:55 Forging
22:44 Wheelbarrow
Connection lost

Rejoining the realm…

Still unreachable

The connection could not be restored.

Session expired

The server has moved on; the page needs a fresh start.